[Event "*** Titled Tuesday 3|2 Blitz"]
[Site "Chess.com"]
[Date "2015.02.24"]
[Round "4"]
[White "AndreyOstrovskiy"]
[Black "AnthonyWirig"]
[Result "1/2-1/2"]
[WhiteElo "2338"]
[BlackElo "2543"]
[TimeControl "180+2"]
[EndTime "11:49:33 PST"]
[Termination "Game drawn - insufficient material"]

1. e4 g6 2. d4 Bg7 3. Nc3 c6 4.
h3 Qb6 5. Nf3 d6 6. Bc4 e6 7.
O-O Ne7 8. a4 d5 9. Bb3 a5 10.
Bg5 h6 11. Bxe7 Kxe7 12. exd5 cxd5 13. Bxd5 Rd8 14. Bb3 Bxd4 15. Nxd4 Qxd4 16. Qc1 Qd2 17. Re1 Qxc1 18. Raxc1 Na6 19. Nd5+ Kf8 20. Nb6 Rb8 21.
Bc4 Rd6 22. Bxa6 Rxb6 23. Bb5 Rd6 24. Red1 Ke7 25. Rxd6 Kxd6 26. Rd1+ Ke7 27. f4 b6 28. Kf2 Rb7 29. Ke3 Rc7 30. c4 Rc5 31. g4 g5 32. h4 gxf4+ 33. Kxf4 e5+ 34. Kg3 Be6 35. b3 Rc8 36. Kf3 Rg8 37. Rg1 f6 38. Bc6 h5 39.
g5 Bg4+ 40. Ke3 fxg5 41. hxg5 Rxg5 42. Bf3 Ke6 43. Bd5+ Kf6 44. Rf1+ Rf5 45. Rh1 Kg5 46. Be4 Rf6 47. Rg1 h4 48. Bg2 Rf4 49. Bd5 h3 50. Rb1 Kh4 51. b4 axb4 52. Rxb4 h2 53. Rxb6 Rf1 54. Rh6+ Bh5 55. a5 Re1+ 56. Kf2 h1=Q 57.
Bxh1 Rxh1 58. a6 Kg5 59. Re6 Kf5 60. Rh6 Bf3 61. Rb6 e4 62. c5 Kf4 63. Rf6+ Ke5 64.
Rf8 Rh2+ 65. Kg3 Rg2+ 66. Kh3 Ra2 67. Ra8 Kd5 68. a7 Kxc5 69. Rc8+ Kd4 70. a8=Q Rxa8 71. Rxa8 Ke3 72. Re8 Kf2 73. Rxe4 Bxe4 1/2-1/2

[Event "*** Titled Tuesday 3|2 Blitz"]
[Site "Chess.com"]
[Date "2015.02.24"]
[Round "4"]
[White "tigrangharamian"]
[Black "GMHess"]
[Result "1/2-1/2"]
[WhiteElo "2505"]
[BlackElo "2500"]
[TimeControl "180+2"]
[EndTime "11:49:35 PST"]
[Termination "Game drawn - insufficient material"]

1. e4 e5 2. Nf3 Nc6 3. Bb5 Nf6 4.
O-O Nxe4 5. Re1 Nd6 6. Nxe5 Be7 7.
Bf1 Nxe5 8. Rxe5 O-O 9. d4 Ne8 10. d5 d6 11. Re1 Nf6 12. Nc3 a6 13. h3 Bf5 14. Bf4 Qd7 15. Bd3 Rfe8 16. Qf3 Bxd3 17. Qxd3 Bf8 18. Bg5 Rxe1+ 19. Rxe1 Re8 20. Re3 Rxe3 21.
Qxe3 Ne8 22. Qa7 Qc8 23. a4 h6 24. Be3 Be7 25. a5 Bf6 26. Bd4 Kh7 27. Ne4 Bxd4 28.
Qxd4 Qf5 29. c4 Nf6 30. Nxf6+ gxf6 31. Qc3 Qe5 32. Qb4 Qe2 33. g3 Qd1+ 34. Kg2 Qc2 35. b3 Qe4+ 36. Kg1 Qb1+ 37. Kh2 Qf1 38. Qd2 Kg7 39. Qf4 Qd3 40. Qg4+ Kh7 41. Qd7 Kg7 42. Qxc7 Qxb3 43. Qxd6 Qxc4 44. Qd7 h5 45. Qf5 Qd4 46. g4 h4 47. Kg2 b6 48. axb6 Qxb6 49. Qd3 Qd6 50.
Kf3 a5 51. Qc4 a4 52. Qxa4 Qxd5+ 53. Qe4 Qd6 54. Qf4 Qd3+ 55. Kg2 Qd5+ 56. Qf3 Qg5 57. Qe4 f5 58. Qe5+ Kg6 59. f4 Qf6 60. Qxf6+ Kxf6 61. Kf3 Ke6 62. Ke3 fxg4 63. hxg4 Kd5 64. Kf3 Kd4 65. g5 h3 66. Kg3 Ke4 67. Kxh3 Kxf4 68.
Kh4 Kf5 69. Kh5 Kf4 70. g6 fxg6+ 71. Kxg6 1/2-1/2

[Event "*** Titled Tuesday 3|2 Blitz"]
[Site "Chess.com"]
[Date "2015.02.24"]
[Round "4"]
[White "Cryptochess"]
[Black "PauloCesarCosta"]
[Result "1-0"]
[WhiteElo "2391"]
[BlackElo "2055"]
[TimeControl "180+2"]
[EndTime "11:50:25 PST"]
[Termination "Cryptochess won on time"]

1. e4 e6 2. d4 d5 3. exd5 exd5 4.
c4 Nf6 5. Nc3 Bb4 6. Nf3 O-O 7.
Be2 Bxc3+ 8. bxc3 Bg4 9. O-O h6 10. h3 Be6 11. Ne5 Nbd7 12. f4 Nxe5 13. fxe5 Ne4 14.
Qd3 c6 15. Ba3 Re8 16. cxd5 cxd5 17. c4 Rc8 18. cxd5 Qxd5 19. Bf3 Bf5 20. Rae1 Rxe5 21. Re3 Rc3 22. Qxc3 Nxc3 23. Bxd5 Rxe3 24. Bxf7+ Kxf7 25. Rxf5+ Ke6 26. Ra5 a6 27. Kf2 Re4 28. Bc5 Nb5 29.
Ra4 Rf4+ 30. Ke3 Rf7 31. Rb4 Rd7 32. a4 Nd6 33. Rb6 Kf5 34. g4+ Ke6 35. a5 Kd5 36. Bxd6 Rxd6 37. Rxb7 Re6+ 38. Kd3 Rc6 39. Rxg7 Rf6 40. Rd7+ Kc6 41. Ra7 Rf3+ 42. Ke4 Rxh3 43. Rxa6+ Kb5 44. Rb6+ Kxa5 45. Rb1 Rh4 46. Kf5 h5 47.
Rg1 hxg4 48. Rxg4 Rh5+ 49. Ke6 Kb6 50. Rg1 Kc7 51. d5 Rh6+ 52. Ke7 Rh7+ 53. Ke6 Rh6+ 54. Ke5 Rh5+ 55. Kd4 Kd6 56. Rg6+ Kd7 57. Kc5 Rh1 58. Rg7+ Kc8 59. Kc6 Rc1+ 60. Kd6 Rh1 61. Rg8+ Kb7 62. Re8 Rh2 63. Kd7 Rh7+ 64. Re7 Rh1 65. d6 Rc1 66. Re2 Kb6 67. Ke7 Rh1 68. Kd8 Rh8+ 69. Re8 Rh7 70. Re7 Rh8+ 71. Kd7 Kc5 72. Re5+ Kd4 73. Re1 Kd5 74. Kc7 Rh7+ 75. d7 Kc5 76. Kc8 1-0

[Event "*** Titled Tuesday 3|2 Blitz"]
[Site "Chess.com"]
[Date "2015.02.24"]
[Round "4"]
[White "megarompa"]
[Black "Hikaru"]
[Result "0-1"]
[WhiteElo "2641"]
[BlackElo "2851"]
[TimeControl "180+2"]
[EndTime "11:51:05 PST"]
[Termination "Hikaru won by resignation"]

1. d4 d6 2. Nf3 g6 3. Bf4 Bg7 4. e3 Nd7 5. Be2 e5 6. Bg3 Ne7 7.
dxe5 Nf5 8. O-O Nxg3 9. hxg3 dxe5 10. e4 c6 11. Nc3 Qe7 12. Qd2 O-O 13. Rad1 Re8 14. Qd6 Qxd6 15. Rxd6 Bf8 16. Rdd1 b5 17. a4 a6 18. axb5 axb5 19. Ra1 Rb8 20. Rfd1 Bc5 21. g4 Nf6 22. Nh2 h6 23. Bf3 Be6 24. Ra6 Rec8 25. Ne2 Kf8 26. Nc1 Ra8 27. Rxa8 Rxa8 28. Nd3 Bd6 29.
g3 Ke7 30. Kg2 c5 31. Nf4 Bd7 32. Nd5+ Nxd5 33. exd5 Ra2 34. Rb1 f5 35. gxf5 Bxf5 36.
Bd1 Be4+ 37. f3 Bxd5 38. Ng4 h5 39.
Nf2 b4 40. Ne4 c4 41. Kf1 Bc7 42. c3 b3 43. Be2 Bb6 44. Nd2 Ra4 45. Ne4 Be3 46. Rd1 Ke6 47. Ke1 Ra2 48. Rb1 g5 49.
Bf1 g4 50. Bg2 Kf5 51. fxg4+ hxg4 52. Nd6+ Ke6 53. Ne4 Ke7 54. Kf1 Bc6 55. Nf2 Bd7 56.
Be4 Be6 57. Ke2 Bc5 58. Nd1 Kf6 59. Ne3 Ba3 60. Nd1 Kg5 61. Kd2 Bc5 62. Ne3 Ra7 63.
Ke2 Ra2 64. Nd1 Bg8 65. Ne3 Bf7 66. Kd2 Bg8 67. Ke2 Bd4 68. Nd1 Be6 69. Kd2 Bg1 70.
Ke2 Ra7 71. Ne3 Bxe3 72. Kxe3 Ra2 73. Bc6 Bf5 74. Be4 Be6 75. Bc6 Ra6 76. Be4 Rd6 77. Rf1 Rd8 78. Ra1 Rh8 79. Ra5 Rh2 80. Rxe5+ Kf6 81.
Rb5 Rxb2 82. Rb6 Ke5 83. Rb5+ Kd6 84. Rb6+ Kd7 85. Rb7+ Kd8 86. Rb6 Bf7 87. Kf4 Rf2+ 88. Kxg4 b2 89. Kg5 Be8 90. g4 Kc7 91. Rb7+ Kd6 92.
Bf5 Ba4 93. Rb4 Rxf5+ 94. gxf5 Bb3 95. Rb6+ Kc5 0-1

[Event "*** Titled Tuesday 3|2 Blitz"]
[Site "Chess.com"]
[Date "2015.02.24"]
[Round "4"]
[White "gawk"]
[Black "iFrancisco"]
[Result "0-1"]
[WhiteElo "2047"]
[BlackElo "2284"]
[TimeControl "180+2"]
[EndTime "11:52:26 PST"]
[Termination "iFrancisco won on time"]

1. c4 c5 2. g3 g6 3. Bg2 Bg7 4. Nc3 Nc6 5. Nf3 e5 6. O-O Nge7 7. a3 O-O 8. Rb1 a5 9. Ne1 d6 10. Nc2 Nd4 11. Ne3 Rb8 12. b4 Nec6 13. Ned5 Bf5 14. d3 Bd7 15. bxc5 dxc5 16. Nb6 Kh8 17. Ne4 Ne6 18. Nc3 Be8 19. Ncd5 f6 20. Bd2 Ncd4 21. e3 Nc6 22. Qc2 Bf7 23. Rb3 Nc7 24. Rfb1 f5 25.
Nxc7 Qxc7 26. Rb5 Rfd8 27. Nd5 Qc8 28. Rxc5 Bf8 29. Rcb5 Bxa3 30. Bc3 Bf8 31. Qb3 a4 32. Qxa4 Bg7 33. Qb3 Qe6 34. Rxb7 Rxb7 35. Qxb7 Rb8 36. Qxb8+ Nxb8 37. Rxb8+ Bg8 38. Bb4 e4 39. Ne7 h6 40.
dxe4 fxe4 41. Nxg8 Kh7 42. Ne7 Qxc4 43. Rb6 Bf8 44.
Rb7 Bxe7 45. Bxe7 Kg8 46. Bf1 Qd5 47. Ra7 g5 48. Ba3 Qd1 49. Bb2 g4 50. h3 h5 51.
hxg4 hxg4 52. Bd4 Kf8 53. Bc5+ Ke8 54. Re7+ Kd8 55. Rxe4 Kc7 56. Bd4 Kd6 57. Rf4 Kd5 58. Kg2 Ke6 59. Bc4+ Kd7 60. Bf7 Ke7 61. Bh5 Qc2 62.
Bxg4 Qc6+ 63. Bf3 Qc2 64. g4 Qd3 65. g5 Qb5 66. Be4 Qxg5+ 67. Kf3 Qb5 68. Rf5 Qb3 69. Bd5 Qd1+ 70. Kf4 Qg1 71. f3 Qh2+ 72. Ke4 Qc2+ 73. Ke5 Qc7+ 74. Ke4 Qc2+ 75. Kf4 Qh2+ 76. Kg4 Qg2+ 77.
Kh4 Qh2+ 78. Kg5 Qg3+ 79. Kh6 Qh4+ 80. Rh5 Qg3 81. Bc5+ Kf6 82. Bd4+ Ke7 83. Re5+ Kd7 84. Rg5 Qh4+ 85. Kg6 Qh3 86. Be4 Qe6+ 87. Kh5 Qh3+ 88. Kg6 Qe6+ 89. Bf6 Qg8+ 90. Kf5 Qe6+ 91. Kg6 Qg8+ 92.
Kh6 Qf8+ 93. Rg7+ Ke6 94. Bd4 Qd8 95. Rg6+ Kf7 96. Bf6 Qf8+ 97. Kg5 Qc5+ 98. Kf4 Qd6+ 99. Be5 Qd2 100. Rg7+ Kf8 101. Kf5 Qa2 102. Rg6 Qf2 103. Bd6+ Ke8 104. Bc6+ Kf7 105. Rf6+ Kg7 106. Bf8+ Kh7 107. Be4 Qd2 108. Bd6 Qxe3 109. Rf7+ Kg8 0-1

[Event "*** Titled Tuesday 3|2 Blitz"]
[Site "Chess.com"]
[Date "2015.02.24"]
[Round "5"]
[White "ViennaRocket"]
[Black "lukas_111111"]
[Result "0-1"]
[WhiteElo "2184"]
[BlackElo "2138"]
[TimeControl "180+2"]
[EndTime "11:55:28 PST"]
[Termination "lukas_111111 won by resignation"]

1. d4 Nf6 2. c4 g6 3. Nc3 d5 4. cxd5 Nxd5 5. e4 Nxc3 6. bxc3 Bg7 7.
Bc4 O-O 8. Ne2 c5 9. O-O Nc6 10. Be3 b6 11. dxc5 Qc7 12. Nd4 Ne5 13. Nb5 Qb8 14. Bd5 Ng4 15. g3 Nxe3 16. fxe3 a6 17. Bxa8 axb5 18. Bd5 e6 19. Bb3 bxc5 20. Rc1 Bb7 21.
Qd6 Qxd6 0-1

[Event "*** Titled Tuesday 3|2 Blitz"]
[Site "Chess.com"]
[Date "2015.02.24"]
[Round "5"]
[White "pedromartinez91"]
[Black "Imre91"]
[Result "1-0"]
[WhiteElo "2139"]
[BlackElo "2549"]
[TimeControl "180+2"]
[EndTime "11:55:43 PST"]
[Termination "pedromartinez91 won by resignation"]

1. e3 Nf6 2. c4 g6 3. Nc3 Bg7 4.
Nf3 O-O 5. Be2 c5 6. O-O b6 7.
d4 cxd4 8. exd4 d5 9. Ne5 Bb7 10. Bf3 Ne4 11. cxd5 Nxc3 12. bxc3 Bxd5 13. Re1 e6 14. Ba3 Re8 15. c4 Bxf3 16. Qxf3 Bxe5 17. dxe5 Na6 18. Rad1 Qg5 19. Rd7 Qf5 20. Qb7 Reb8 21. Qxa6 1-0

[Event "*** Titled Tuesday 3|2 Blitz"]
[Site "Chess.com"]
[Date "2015.02.24"]
[Round "5"]
[White "Inopov"]
[Black "1stSecond"]
[Result "0-1"]
[WhiteElo "2452"]
[BlackElo "2356"]
[TimeControl "180+2"]
[EndTime "11:55:46 PST"]
[Termination "1stSecond won by resignation"]

1. d4 Nf6 2. c4 g6 3. Nc3 d5 4.
cxd5 Nxd5 5. e4 Nxc3 6. bxc3 Bg7 7. Qa4+ Bd7 8. Qa3 O-O 9. Nf3 Bg4 10. Be2 e5 11. d5 Qd6 12. Qb3 Nd7 13. Ba3 Nc5 14.
Qb2 Bxf3 15. Bxf3 Nd3+ 16. Kd2 Nxb2 17. Bxd6 Nc4+ 18. Kd3 Nxd6 19. c4 b6 20. a4 a5 21.
g4 f5 22. gxf5 gxf5 23. Rhg1 fxe4+ 24. Bxe4 Nxe4 25. Kxe4 Rf4+ 26. Kd3 Raf8 27. Rg3 Rf3+ 28. Rxf3 Rxf3+ 29. Ke4 Rf4+ 30. Ke3 Rxc4 0-1

[Event "*** Titled Tuesday 3|2 Blitz"]
[Site "Chess.com"]
[Date "2015.02.24"]
[Round "5"]
[White "1random"]
[Black "ilmago"]
[Result "1-0"]
[WhiteElo "2025"]
[BlackElo "1902"]
[TimeControl "180+2"]
[EndTime "11:56:19 PST"]
[Termination "1random won by resignation"]

1. e4 c5 2. Nf3 d6 3. d4 cxd4 4.
Nxd4 Nf6 5. Nc3 g6 6. Be3 Bg7 7. f3 O-O 8. Qd2 Nc6 9. Bc4 Qc7 10. Bb3 Ne5 11. O-O-O Nc4 12. Bxc4 Qxc4 13. Kb1 Be6 14. Nxe6 fxe6 15. Bh6 Bh8 16. Bxf8 Rxf8 17. Qd4 Qa6 18. Qd3 Qc6 19. Qb5 Qc7 20. Qb3 a6 21. Qxe6+ Rf7 22. e5 dxe5 23. Ne4 Ne8 24. Ng5 Nd6 25. Nxf7 Nxf7 26.
Rd7 Qc5 27. Rxe7 1-0

[Event "*** Titled Tuesday 3|2 Blitz"]
[Site "Chess.com"]
[Date "2015.02.24"]
[Round "5"]
[White "Zvonokchess"]
[Black "LADIESGET2KNOWME"]
[Result "1-0"]
[WhiteElo "2491"]
[BlackElo "2299"]
[TimeControl "180+2"]
[EndTime "11:56:43 PST"]
[Termination "Zvonokchess won by checkmate"]

1. e4 e6 2. d4 d5 3. Nd2 Nf6 4. e5 Nfd7 5. c3 c5 6. f4 Nc6 7. Ndf3 Qb6 8. a3 Be7 9. h4 a5 10. b3 f6 11. Bd3 O-O 12. Bxh7+ Kxh7 13. Ng5+ fxg5 14. hxg5+ Kg8 15. Qh5 Rf5 16. Qh8+ Kf7 17. g6+ Kxg6 18. Qe8+ Rf7 19. f5+ exf5 20. Qh8 Nf6 21.
Rh6+ gxh6 22. Qxh6# 1-0

[Event "*** Titled Tuesday 3|2 Blitz"]
[Site "Chess.com"]
[Date "2015.02.24"]
[Round "5"]
[White "Zlatan56"]
[Black "raskolnnikov"]
[Result "1-0"]
[WhiteElo "2515"]
[BlackElo "2281"]
[TimeControl "180+2"]
[EndTime "11:57:34 PST"]
[Termination "Zlatan56 won by resignation"]

1. e4 c5 2. Nf3 Nc6 3. c3 Nf6 4.
e5 Nd5 5. Bc4 e6 6. O-O Nb6 7.
Bb3 d5 8. exd6 Bxd6 9. d4 cxd4 10. cxd4 O-O 11. Nc3 e5 12. Bg5 Be7 13. Bxe7 Qxe7 14. Nxe5 Nxe5 15. Re1 Rd8 16. Rxe5 Qh4 17. Qf3 Qf6 18.
Qxf6 gxf6 19. Re7 Rxd4 20. Rxf7 Kh8 21. Rxf6 Bd7 22. Re1 Re8 23. Rxe8+ 1-0

[Event "*** Titled Tuesday 3|2 Blitz"]
[Site "Chess.com"]
[Date "2015.02.24"]
[Round "5"]
[White "gawk"]
[Black "Colombiano07"]
[Result "1-0"]
[WhiteElo "2054"]
[BlackElo "2005"]
[TimeControl "180+2"]
[EndTime "11:58:47 PST"]
[Termination "gawk won by resignation"]

1. c4 b6 2. d4 Bb7 3. f3 g6 4. e4 Bg7 5. Nc3 e6 6. Be3 Ne7 7. Qd2 h6 8. Bd3 d6 9. Nge2 a6 10. O-O Nd7 11. b4 c5 12. dxc5 dxc5 13. Rfd1 Qc7 14. Rab1 Rd8 15. Qc1 cxb4 16. Rxb4 Nc5 17.
Bc2 Rxd1+ 18. Nxd1 g5 19. Nf2 O-O 20. Qb1 Nc8 21.
Bd4 Rd8 22. Bxg7 Kxg7 23. Ng4 f6 24. Ng3 Rd4 25. e5 f5 26. Bxf5 Rxg4 27. Bxg4 Qxe5 28.
Bh5 Qf6 29. Be8 Nd6 30. Nh5+ 1-0

[Event "*** Titled Tuesday 3|2 Blitz"]
[Site "Chess.com"]
[Date "2015.02.24"]
[Round "5"]
[White "exoticprincess"]
[Black "LyonBeast"]
[Result "1-0"]
[WhiteElo "2806"]
[BlackElo "2755"]
[TimeControl "180+2"]
[EndTime "11:58:50 PST"]
[Termination "exoticprincess won by resignation"]

1. c4 e5 2. Nc3 Nf6 3. Nf3 Nc6 4.
g3 d5 5. cxd5 Nxd5 6. Bg2 Nb6 7.
O-O Be7 8. d3 O-O 9. a3 Re8 10.
b4 Bf8 11. Rb1 a5 12. b5 Nd4 13. Nd2 a4 14. e3 Ne6 15. Nf3 Nc5 16. d4 exd4 17. Nxd4 Qf6 18. Qc2 Bd7 19. Rd1 Rad8 20. Bb2 Bg4 21. Nce2 Qg6 22. Qc3 Bxe2 23. Nxe2 Rd3 24.
Rxd3 Qxd3 25. Qxd3 Nxd3 26. Bd4 Bxa3 27. Bxb6 cxb6 28.
Ra1 Bd6 29. Rd1 Nxf2 30. Rxd6 Ng4 31. Rxb6 Nxe3 32. Bxb7 a3 33. Ra6 Nc2 34. Be4 Nb4 35.
Rxa3 1-0

[Event "*** Titled Tuesday 3|2 Blitz"]
[Site "Chess.com"]
[Date "2015.02.24"]
[Round "5"]
[White "Ar4uha"]
[Black "chito89"]
[Result "0-1"]
[WhiteElo "2447"]
[BlackElo "2610"]
[TimeControl "180+2"]
[EndTime "11:59:12 PST"]
[Termination "chito89 won on time"]

1. e4 g6 2. d4 Bg7 3. Nc3 d6 4. f4 Nf6 5. a3 O-O 6. Nf3 Nc6 7. Bd3 e5 8. dxe5 dxe5 9. f5 gxf5 10. Bg5 f4 11.
Nd5 Qd6 12. Bxf6 Bxf6 13. Qd2 Ne7 14. O-O-O Bg4 15. h3 Bxf3 16. gxf3 Kh8 17. Bc4 Rad8 18. Nxf6 Qxf6 19. Qxd8 Rxd8 20. Rxd8+ Kg7 21. Rg1+ Kh6 22. Rf8 Qb6 23. Rf1 f6 24. Kb1 Ng6 25. Rf7 Qd6 26. Bb3 Nh8 0-1

[Event "*** Titled Tuesday 3|2 Blitz"]
[Site "Chess.com"]
[Date "2015.02.24"]
[Round "5"]
[White "Rijeka1999"]
[Black "facu57"]
[Result "1-0"]
[WhiteElo "2261"]
[BlackElo "2045"]
[TimeControl "180+2"]
[EndTime "11:59:22 PST"]
[Termination "Rijeka1999 won by resignation"]

1. e4 c6 2. d4 d5 3. Nc3 dxe4 4.
Nxe4 Nf6 5. Ng3 Bg4 6. Be2 Bxe2 7. N1xe2 Nbd7 8. Bg5 e5 9. dxe5 Qa5+ 10. Qd2 Qxe5 11. O-O h5 12. Rfe1 O-O-O 13. Nc3 Qa5 14. a3 h4 15. Nge4 Nc5 16. Qf4 Ncxe4 17. Nxe4 Nxe4 18.
Bxd8 Qxd8 19. Qxe4 Bd6 20. Rad1 f6 21. Qe6+ Kc7 22.
Qf7+ Kb6 23. Rd3 Qc7 24. Qxc7+ Kxc7 25. h3 a5 26. Kf1 Rf8 27. Re6 Be5 28. Re7+ Kb6 29.
Rxg7 a4 30. b3 c5 31. bxa4 c4 32. Rdd7 Rb8 33. Ke2 Kc6 34. Rde7 Ra8 35. Rxb7 Rxa4 36. Rb4 Rxa3 37. Rxc4+ Kd5 38. Rxh4 Ra2 39. Kf3 Rxc2 40. g3 Rc3+ 41. Kg2 Rc2 42. Rh5 Ke4 43. Rxe5+ Kxe5 44. h4 Rc4 45. h5 f5 46. Rg6 Rc7 47. f4+ Ke4 48. h6 Rh7 49. Kh3 Kf3 50. Kh4 Rd7 51.
Rg7 Rd1 52. h7 Rh1+ 53. Kg5 Kxg3 54. Kxf5+ Kf3 55. Kg6 Rg1+ 56. Kf7 Rh1 57. Kg8 Kxf4 58. h8=Q Ra1 1-0

[Event "*** Titled Tuesday 3|2 Blitz"]
[Site "Chess.com"]
[Date "2015.02.24"]
[Round "5"]
[White "petrpalachev"]
[Black "Argente"]
[Result "1-0"]
[WhiteElo "2402"]
[BlackElo "2188"]
[TimeControl "180+2"]
[EndTime "11:59:35 PST"]
[Termination "petrpalachev won by resignation"]

1. d4 d5 2. c4 c6 3. Nc3 Nf6 4. e3 a6 5. Nf3 Bf5 6. Qb3 Ra7 7. Bd2 e6 8. Nh4 Be4 9. f3 Bg6 10. g3 Nbd7 11. Nxg6 hxg6 12. cxd5 cxd5 13. Rc1 Bd6 14.
Kf2 O-O 15. Bd3 b5 16. a4 b4 17. Ne2 Qb6 18. Rc2 Rc7 19. Rhc1 Rfc8 20. Rxc7 Rxc7 21.
Rxc7 Bxc7 22. Qxb4 Qxb4 23. Bxb4 a5 24. Be7 Nb8 25.
Bb5 Nfd7 26. Nc1 f6 27. b4 Kf7 28. Bc5 g5 29. Nb3 Nxc5 30. bxc5 Ke7 31. h3 Nd7 32.
Bxd7 Kxd7 33. g4 Ke7 34. e4 Kd7 35. Ke3 Ke7 36. Kd3 Kd7 37. Nd2 Ke7 38. Nf1 Kd7 39. exd5 exd5 40. Ne3 Ke6 41. Ng2 Bg3 42. Ke3 Bc7 43.
Ne1 Bf4+ 44. Kd3 Bc7 45. Nc2 g6 46. Na3 f5 47. gxf5+ Kxf5 48. Nb5 1-0

[Event "*** Titled Tuesday 3|2 Blitz"]
[Site "Chess.com"]
[Date "2015.02.24"]
[Round "5"]
[White "Kacparov"]
[Black "FlySooHigh"]
[Result "1-0"]
[WhiteElo "2436"]
[BlackElo "2334"]
[TimeControl "180+2"]
[EndTime "11:59:37 PST"]
[Termination "Kacparov won by resignation"]

1. e4 d5 2. exd5 Nf6 3. d4 Nxd5 4. Nf3 g6 5. c4 Nb6 6. Be3 Bg7 7. h3 O-O 8. Nc3 Nc6 9. Be2 e5 10. d5 Ne7 11.
O-O Nf5 12. Bc5 Re8 13. Ne4 Nd6 14. Nxd6 cxd6 15. Ba3 Qc7 16. Rc1 Nd7 17. Ne1 b6 18. Nd3 a5 19. Ne1 Nc5 20. Nc2 Bd7 21. b3 f5 22. Bb2 Re7 23. Na3 Rf8 24. Nb5 Bxb5 25.
cxb5 Qd8 26. a3 Bh6 27. Rc3 e4 28. b4 axb4 29. axb4 Nd7 30. Rc6 Ne5 31. Bxe5 Rxe5 32. Qd4 e3 33. f3 Kh8 34. f4 Bg7 35. fxe5 Bxe5 36. Qxe3 Qf6 37. Kh1 Bd4 38. Qe6 Qh4 39. Qxd6 1-0

[Event "*** Titled Tuesday 3|2 Blitz"]
[Site "Chess.com"]
[Date "2015.02.24"]
[Round "5"]
[White "megarompa"]
[Black "GasconJR"]
[Result "1-0"]
[WhiteElo "2645"]
[BlackElo "2260"]
[TimeControl "180+2"]
[EndTime "11:59:38 PST"]
[Termination "megarompa won by resignation"]

1. d4 Nf6 2. Nf3 g6 3. c4 Bg7 4. Nc3 O-O 5. Bf4 d6 6. e3 Nc6 7. h3 Nd7 8. Bh2 e5 9. Be2 f5 10. O-O g5 11. d5 Ncb8 12. Rc1 f4 13. b4 a5 14. a3 axb4 15. axb4 Na6 16. Qb3 Kh8 17.
exf4 gxf4 18. Rfd1 Rg8 19. Kh1 Nf6 20. Ng5 Qe7 21. Bf3 Bh6 22. Nge4 Nxe4 23. Nxe4 Bf5 24. c5 Bxe4 25. Bxe4 f3 26. Bxf3 Bxc1 27. Rxc1 Raf8 28. Bg3 Qg5 29. Qc3 Nxb4 30. Rb1 Na6 31. Rxb7 Nxc5 32.
Rxc7 Rg7 33. Rxc5 dxc5 34. Bxe5 Re8 35. Bxg7+ Qxg7 36. Qxc5 Re1+ 37. Kh2 Qe7 1-0

[Event "*** Titled Tuesday 3|2 Blitz"]
[Site "Chess.com"]
[Date "2015.02.24"]
[Round "5"]
[White "AlexanderL"]
[Black "kesarev"]
[Result "1-0"]
[WhiteElo "2510"]
[BlackElo "2255"]
[TimeControl "180+2"]
[EndTime "11:59:50 PST"]
[Termination "AlexanderL won by resignation"]

1. b3 c5 2. Bb2 b6 3. e4 Bb7 4.
Nc3 e6 5. f4 Nf6 6. d3 d5 7. Qe2 Be7 8. Nf3 Qc7 9. Nb5 Qd7 10.
c4 dxe4 11. dxe4 a6 12. Rd1 Qc8 13. Bxf6 gxf6 14. Nd6+ Bxd6 15. Rxd6 Nd7 16. g3 Qc7 17.
Rd2 O-O-O 18. Bg2 Nb8 19. O-O Rxd2 20. Nxd2 Nc6 21. Nf3 Rd8 22. Rd1 Rxd1+ 23. Qxd1 Qd7 24. Qe1 Qd3 25. e5 fxe5 26. fxe5 Nd4 27. Nxd4 Qxd4+ 28. Kh1 Bxg2+ 29. Kxg2 Kd7 30. Qf2 Qe4+ 31. Qf3 Qc2+ 32.
Kh3 Qf5+ 33. Qxf5 exf5 34. Kh4 Ke6 35. Kg5 Kxe5 36. h4 b5 37. h5 bxc4 38. bxc4 a5 39. a4 Ke6 40. Kh6 Kf6 41. Kxh7 Kg5 42. h6 1-0

[Event "*** Titled Tuesday 3|2 Blitz"]
[Site "Chess.com"]
[Date "2015.02.24"]
[Round "5"]
[White "GulamaliRises"]
[Black "monika84"]
[Result "1-0"]
[WhiteElo "2323"]
[BlackElo "2040"]
[TimeControl "180+2"]
[EndTime "12:00:00 PST"]
[Termination "GulamaliRises won by resignation"]

1. e4 e5 2. Nf3 Nc6 3. Bb5 a6 4.
Ba4 Nf6 5. O-O Be7 6. d3 b5 7.
Bb3 d6 8. a4 Bb7 9. Bg5 O-O 10.
Nc3 b4 11. Bxf6 Bxf6 12. Nd5 a5 13. c3 bxc3 14. bxc3 Rb8 15. Bc4 Bc8 16. Ne3 Be6 17.
Bxe6 fxe6 18. Rb1 Rxb1 19. Qxb1 Qe8 20. Qb5 Qd7 21. Qc4 Kf7 22. Rb1 Rb8 23. Rb5 h6 24. Qb3 Qc8 25. Nc4 Ra8 26. Rb7 Ke8 27. Qb5 Qd7 28.
Nb6 cxb6 29. Rxd7 Kxd7 30. Nd2 Rc8 31. Nc4 Rb8 32. g3 Kc7 33. h4 g5 34. hxg5 hxg5 35.
f3 Rb7 36. Kg2 Rb8 37. Qb3 Bd8 38. Qa3 Kd7 39. Qxd6+ 1-0

[Event "*** Titled Tuesday 3|2 Blitz"]
[Site "Chess.com"]
[Date "2015.02.24"]
[Round "5"]
[White "BjarkeSahl"]
[Black "ChessTrener"]
[Result "0-1"]
[WhiteElo "2131"]
[BlackElo "2474"]
[TimeControl "180+2"]
[EndTime "12:00:04 PST"]
[Termination "ChessTrener won on time"]

1. e4 d6 2. d4 Nf6 3. Nc3 e5 4. Nf3 Nbd7 5. a4 Be7 6. Bc4 O-O 7. O-O a6 8. Re1 b6 9. h3 Bb7 10. Ba2 c6 11. Nh4 Re8 12. Nf5 Bf8 13. dxe5 Nxe5 14. Bf4 b5 15. Bg5 h6 16. Bh4 b4 17. Nb1 Ng6 18. Nd2 c5 19. Qf3 Nxh4 20. Nxh4 Re5 21. Ng6 Qe8 22. Nxe5 Qxe5 23. Nc4 Qg5 24. Rad1 d5 25.
exd5 Bxd5 26. Rxd5 Qxd5 27. Qxd5 Nxd5 28. Ne5 Ne7 0-1

[Event "*** Titled Tuesday 3|2 Blitz"]
[Site "Chess.com"]
[Date "2015.02.24"]
[Round "5"]
[White "tac49"]
[Black "manitodeplomo"]
[Result "1-0"]
[WhiteElo "2396"]
[BlackElo "2328"]
[TimeControl "180+2"]
[EndTime "12:00:14 PST"]
[Termination "tac49 won by checkmate"]

1. e4 g6 2. d4 Bg7 3. Nc3 c5 4.
Nf3 Qa5 5. Be3 Nc6 6. d5 Ne5 7. Qd2 Nxf3+ 8. gxf3 d6 9. Bb5+ Kf8 10.
f4 a6 11. Be2 b5 12. e5 Nh6 13.
Ne4 Qc7 14. O-O-O Bb7 15. h4 Rd8 16. e6 fxe6 17. Ng5 Bc8 18. h5 Nf7 19. Nxe6+ Bxe6 20. dxe6 Nh6 21. hxg6 hxg6 22. Bd3 d5 23. f5 Nxf5 24. Bxf5 gxf5 25. Rxh8+ Bxh8 26. Bh6+ Ke8 27. Qg5 Bxb2+ 28. Kb1 Qe5 29. Qg8# 1-0

[Event "*** Titled Tuesday 3|2 Blitz"]
[Site "Chess.com"]
[Date "2015.02.24"]
[Round "5"]
[White "Konavets"]
[Black "bugsbunny444"]
[Result "1/2-1/2"]
[WhiteElo "2378"]
[BlackElo "2352"]
[TimeControl "180+2"]
[EndTime "12:00:25 PST"]
[Termination "Game drawn by repetition"]

1. e4 e6 2. d3 d5 3. Nd2 c5 4.
Ngf3 Nc6 5. g3 g6 6. Bg2 Bg7 7. O-O Nge7 8. Re1 O-O 9. e5 h6 10. Nf1 a5 11. h4 Kh7 12. N1h2 a4 13. Ng4 Nf5 14. a3 b6 15. Bf4 Ra7 16. Qd2 Bb7 17.
Bh3 d4 18. h5 gxh5 19. Ngh2 Nce7 20. Bg2 Ng6 21. g4 hxg4 22. Nxg4 Nfh4 23. Bxh6 Nxf3+ 24. Bxf3 Bxf3 25. Bxg7 Qh4 26. Qh6+ Qxh6 27. Bxh6 Bxg4 28.
Bg5 Ne7 29. Kg2 Rg8 30. Rh1+ Kg6 31. f4 Nf5 32. Kf2 f6 33. exf6 Rh7 34. Rxh7 Kxh7 35. Re1 Ne3 36. Rh1+ Kg6 37. Rh6+ Kf7 38. Rh7+ Kg6 39.
Rh6+ Kf7 40. Rh7+ Kg6 41. Rh6+ Kf7 1/2-1/2

[Event "*** Titled Tuesday 3|2 Blitz"]
[Site "Chess.com"]
[Date "2015.02.24"]
[Round "5"]
[White "LuckyTiger"]
[Black "guillead1"]
[Result "1-0"]
[WhiteElo "2471"]
[BlackElo "2255"]
[TimeControl "180+2"]
[EndTime "12:00:27 PST"]
[Termination "LuckyTiger won by resignation"]

1. e4 g6 2. d4 Bg7 3. Nc3 c6 4.
Nf3 d5 5. h3 Nf6 6. e5 Ne4 7. Nxe4 dxe4 8. Ng5 c5 9. d5 Bxe5 10.
Nxe4 O-O 11. c3 Qc7 12. Be2 b6 13. O-O Bb7 14. Bc4 Nd7 15. Bh6 Rfe8 16. Qb3 Nf6 17.
Rfe1 Nxe4 18. Rxe4 Bd6 19. a4 a6 20. Rae1 Bc8 21.
g4 Bd7 22. Bg5 b5 23. Bf1 c4 24. Qd1 Qc5 25. a5 Rad8 26. Be3 Qc7 27. Bb6 Qb8 28. Bxd8 Qxd8 29. Qd4 Qc8 30. Bg2 Bc5 31. Qe5 Bd6 32. Qg5 Kg7 33. Qe3 Bc5 34. Qf4 Bd6 35. Qe3 Bc5 36.
Qg5 Bd6 37. Rxe7 Rxe7 38. Rxe7 Qd8 39. Rxf7+ Kxf7 40. Qxd8 1-0